 Dungeon Crawl Stone Soup version 0.29.0-4-gdea44cf6ec (webtiles) character file.

Game seed: 5288696666953873786

199 qw the Chopper (level 5, -2/30 HPs)
             Began as a Tengu Warper on Aug 28, 2022.
             Splashed by a jelly's acid (6 damage)
             ... on level 5 of the Dungeon.
             The game lasted 00:00:22 (3882 turns).

qw the Chopper (Tengu Warper)                       Turns: 3882, Time: 00:00:22

Health: -2/30      AC: -3    Str: 10    XL:     5   Next: 77%
Magic:  9/9        EV: 10    Int: 13    God:
Gold:   265        SH:  0    Dex: 13    Spells: 8/8 levels left

rFire   . . .      SeeInvis .   Y - +0 hand axe (freeze)
rCold   . . .      Faith    .   (no shield)
rNeg    . . .      Spirit   .   n - +0 chain mail
rPois   .          Reflect  .   (helmet restricted)
rElec   .          Harm     .   b - +1 cloak "Idaotali" {+Blink Regen+ Str-4}
rCorr   .          Rampage  .   k - +0 pair of gloves
Will    .....                   (boots unavailable)
Stlth   ..........              (no amulet)
HPRegen 0.90/turn               c - +4 ring of evasion
MPRegen 0.11/turn               (no ring)

@: corroded, flying quickly and evasively, quick
A: beak, talons 3, nimble flight
a: Evoke Blink


You were on level 5 of the Dungeon.
You visited 1 branch of the dungeon, and saw 5 of its levels.

You collected 265 gold pieces.


Innate Abilities, Weirdness & Mutations

You have a beak for a mouth.
You have claws for feet.
Your magical nature lets you fly swiftly and evasively.


   Skills:
 - Level 2.0 Fighting
 + Level 6.0 Axes
 - Level 1.0 Throwing
 - Level 2.3 Armour
 - Level 2.1 Dodging
 - Level 2.0 Spellcasting
 - Level 2.4 Translocations


You had 8 spell levels left.
You didn't know any spells.
Your spell library contained the following spells:

 Spells                   Type           Power      Damage    Failure   Level
 Blink                    Tloc           14%        N/A       100%        2
 Gell's Gravitas          Tloc           7%         N/A       100%        3
 Lesser Beckoning         Tloc           7%         N/A       100%        3
 Teleport Other           Tloc           7%         N/A       100%        3
 Manifold Assault         Tloc           7%         N/A       100%        5

Inventory:

Hand Weapons
 j - a +0 mace
 Y - a +0 hand axe of freezing (weapon)
Armour
 b - the +1 cloak "Idaotali" (worn) {+Blink Regen+ Str-4}
   (You acquired it on level 3 of the Dungeon)

   Str:       It affects your strength (-4).
   +Blink:    It lets you blink.
   Regen:     It increases your rate of health regeneration.
 k - a +0 pair of gloves (worn)
 n - a +0 chain mail (worn)
Jewellery
 c - a +4 ring of evasion (left hand)
Scrolls
 i - a scroll of identify
Potions
 a - a potion of mutation
 e - 2 potions of might
 l - a potion of cancellation {unknown}
 o - a potion of lignification {unknown}
 p - a potion of curing {unknown}

Dungeon Overview and Level Annotations

Branches:
Dungeon (5/15)
 Temple: D:4-7

Altars:
Elyvilon
Gozag
Hepliaklqana
Wu Jian

Shops:
D:2 [


Message History

Found a scroll labelled ARUDAYF VOL.
The jelly quivers.
You see here a cyan potion.
You slash the jelly! You freeze the jelly. The acid corrodes you!
Your hands burn!
You peck the jelly, but do no damage.
The jelly is almost dead.
The jelly hits you. The acid corrodes you!
You are splashed with acid.
You hit the jelly but do no damage.
Your hands burn!
Your kick misses the jelly. You punch the jelly, but do no damage.
The jelly is almost dead.
The jelly hits you. The acid corrodes you!
You are splashed with acid!
You hit the jelly but do no damage.
Your hands burn!
You peck the jelly, but do no damage.
The jelly is almost dead.
The jelly hits you but does no damage.
You hit the jelly. You freeze the jelly.
You kill the jelly!
Your Axes skill increases to level 6!
You start resting.
A jelly comes into view.
The jelly quivers.
You hit the jelly. You freeze the jelly.
Your hands burn!
The jelly is moderately wounded.
The jelly hits you but does no damage.
You completely miss the jelly. You claw the jelly!
The jelly is severely wounded.
The jelly hits you but does no damage.
You hit the jelly but do no damage.
Your hands burn!
You peck the jelly, but do no damage.
The jelly is severely wounded.
The jelly hits you. The acid corrodes you!
You are splashed with acid!
You barely miss the jelly. You claw the jelly, but do no damage.
You peck the jelly.
The jelly is almost dead.
The jelly hits you. The acid corrodes you!
You are splashed with acid.
You hit the jelly but do no damage.
Your hands burn!
You claw the jelly. You peck the jelly, but do no damage.
The jelly is almost dead.
The jelly hits you.
You are splashed with acid.
You die...

#.......# ..#
#.......##..
###..%......##
..#............#.
..................
..................
.............#....
..........J..#....
.#.....##.@.......
#..... ##...###.#
#..... ....#
##.#.. .....# ..
......# ....##..
.?... ... ......
...#


You could see a jelly.

Vanquished Creatures
  A hound (D:4)
  A jelly (D:5)
  2 iguanas (D:4)
  2 adders
  3 worms
  7 orcs
  4 ball pythons
  5 endoplasms
  5 goblins
  7 hobgoblins
  7 jackals
  A quokka (D:4)
  3 bats
  2 frilled lizards (D:1)
  3 kobolds
  2 rats (D:2)
55 creatures vanquished.

Notes
Turn   | Place    | Note
-------+----------+-------------------------------------------
     0 | D:1      | qw the Tengu Warper began the quest for the Orb.
     0 | D:1      | Reached XP level 1. HP: 12/12 MP: 4/4
     0 | D:1      | 0 ||| qw: Version: 0.1-a-89-g26bdef1
     0 | D:1      | 0 ||| qw: Game counter: 807
     0 | D:1      | 0 ||| qw: Always use a shield: true
     0 | D:1      | 0 ||| qw: God list: Okawaru
     0 | D:1      | 0 ||| qw: Allow faded altars: false
     0 | D:1      | 0 ||| qw: Do Orc after D:15 true
     0 | D:1      | 0 ||| qw: Do second Lair branch before Depths: true
     0 | D:1      | 0 ||| qw: Lair rune preference: random
     0 | D:1      | 0 ||| qw: Plans: Normal
     0 | D:1      | 0 ||| PLANNING D:1-11
    65 | D:1      | Found a faded altar of an unknown god.
   314 | D:1      | Reached skill level 3 in Axes
   314 | D:1      | Reached XP level 2. HP: 17/17 MP: 6/6
   722 | D:1      | 722 ||| UPGRADING to +0 ring mail.
   732 | D:1      | 732 ||| DROPPING +0 leather armour.
   733 | D:1      | 733 ||| UPGRADING to +0 pair of gloves.
   738 | D:1      | 738 ||| READING scroll labelled LAYBEMPAKHLE.
   739 | D:1      | 739 ||| READING scroll labelled UMEXOPHUCIB.
   740 | D:1      | 740 ||| READING 2 scrolls labelled CEUTTO IRPHALY.
   745 | D:1      | 745 ||| READING scroll labelled QIORHIAQ KYCAB.
   746 | D:1      | 746 ||| DROPPING scroll of blinking.
  1030 | D:2      | Found Diffi Tije's Armour Boutique.
  1036 | D:2      | 1036 ||| SHOPLISTING +0 chain mail (63 gold, have 53).
  1036 | D:2      | 1036 ||| SHOPLISTING +1 plate armour of poison resistance
                  | (448 gold, have 53).
  1036 | D:2      | 1036 ||| SHOPLISTING +3 plate armour of fire resistance
                  | (630 gold, have 53).
  1036 | D:2      | 1036 ||| SHOPLISTING +4 scale mail of willpower (434 gold,
                  | have 53).
  1146 | D:2      | 1146 ||| Stepping ~*~*~tactically~*~*~ (stealth).
  1355 | D:2      | 1355 ||| Stepping ~*~*~tactically~*~*~ (stealth).
  1563 | D:2      | Reached XP level 3. HP: 21/21 MP: 7/7
  1947 | D:2      | 1947 ||| UPGRADING to +4 ring of evasion.
  1948 | D:2      | 1948 ||| READING scroll labelled KYN MUOSIUTAEL.
  1949 | D:2      | 1949 ||| READING scroll labelled KOTASY FUEKUTE.
  1950 | D:2      | 1950 ||| DRINKING 2 viscous ruby potions.
  1951 | D:2      | 1951 ||| DROPPING potion of magic.
  1979 | D:3      | Reached skill level 4 in Axes
  2089 | D:3      | HP: 5/21 [orc/+0 hand axe (4)]
  2090 | D:3      | 2090 ||| READING 2 scrolls of teleportation.
  2495 | D:3      | Found an opulent altar of Gozag.
  2526 | D:3      | Reached XP level 4. HP: 26/26 MP: 8/8
  2578 | D:3      | 2578 ||| UPGRADING to +0 scale mail.
  2588 | D:3      | 2588 ||| DROPPING +0 ring mail.
  2589 | D:3      | 2589 ||| UPGRADING to +0 chain mail.
  2599 | D:3      | 2599 ||| DROPPING +0 scale mail.
  2600 | D:3      | 2600 ||| READING scroll labelled GEGAXKYUCY.
  2600 | D:3      | Identified a scroll of acquirement
  2600 | D:3      | 2600 ||| ACQUIRING +1 cloak "Idaotali" {+Blink Regen+
                  | Str-4}
  2600 | D:3      | Acquired the +1 cloak "Idaotali" {+Blink Regen+ Str-4}
  2602 | D:3      | 2602 ||| UPGRADING to +1 cloak "Idaotali" {+Blink Regen+
                  | Str-4}.
  2607 | D:3      | 2607 ||| READING scroll labelled MIT YNUINO.
  2608 | D:3      | 2608 ||| DRINKING 3 brown potions.
  2818 | D:4      | 2818 ||| Stepping ~*~*~tactically~*~*~ (stealth).
  2822 | D:4      | 2822 ||| Stepping ~*~*~tactically~*~*~ (stealth).
  2859 | D:4      | Found a white marble altar of Elyvilon.
  3005 | D:4      | 3005 ||| Stepping ~*~*~tactically~*~*~ (stealth).
  3051 | D:4      | Found an ornate altar of the Wu Jian Council.
  3060 | D:4      | Found a hazy altar of Hepliaklqana.
  3101 | D:4      | Reached skill level 5 in Axes
  3101 | D:4      | Gained mutation: Your magical nature lets you fly swiftly
                  | and evasively. [Tengu growth]
  3101 | D:4      | Reached XP level 5. HP: 29/30 MP: 9/9
  3538 | D:4      | 3538 ||| DROPPING amulet of magic regeneration.
  3539 | D:4      | 3539 ||| DRINKING 3 fizzy emerald potions.
  3540 | D:4      | 3540 ||| DRINKING 2 smoky golden potions.
  3641 | D:4      | 3641 ||| READING 3 scrolls of identify.
  3641 | D:4      | 3641 ||| IDENTIFYING grey potion
  3642 | D:4      | 3642 ||| READING 2 scrolls of identify.
  3642 | D:4      | 3642 ||| IDENTIFYING fuming ruby potion
  3643 | D:4      | 3643 ||| DROPPING potion of degeneration.
  3644 | D:4      | 3644 ||| DROPPING potion of ambrosia.
  3726 | D:5      | Entered Level 5 of the Dungeon
  3733 | D:5      | 3733 ||| READING scroll of teleportation.
  3733 | D:5      | HP: 3/30 [acid (10)]
  3734 | D:5      | 3734 ||| DRINKING 2 potions of heal wounds.
  3735 | D:5      | HP: 1/30 [acid (6)]
  3736 | D:5      | 3736 ||| DRINKING potion of heal wounds.
  3860 | D:5      | Reached skill level 6 in Axes
  3882 | D:5      | HP: 6/30 [acid (4)]
  3882 | D:5      | Splashed by a jelly's acid

Levels and vault maps discovered:
D:1:      amcnicky_arrival_wind_blow, layout_loops_ring, serial_aquarium,
          aquarium_bridge_long_joined [aquarium_subvault_window,
          aquarium_subvault_bridge, aquarium_subvault_bridge,
          aquarium_subvault_balcony, aquarium_subvault_wall,
          aquarium_subvault_bridge], aquarium_window_corner,
          aquarium_window_corner, aquarium_window_2, aquarium_view_2a,
          aquarium_view_2c, aquarium_balcony_3b,
          chequers_ecumenical_altar_island, minmay_surrounded
D:2:      layout_basic, serial_shops, shop
D:3:      layout_rooms, overflow_temple_1_default
D:4:      kennysheep_six_static_rooms, layout_loops_ring, amcnicky_altar_gilded,
          mainiacjoe_overflow_swirl
D:5:      layout_cave_pools, minmay_temple_entry_mini_moons

Skill      XL: |  1  2  3  4  5 |
---------------+----------------+-----
Axes           | 3 4 5 6 |  6.0
Armour         | 2 |  2.3
Fighting       | |  2.0
Throwing       | |  1.0
Dodging        | |  2.1
Spellcasting   | |  2.0
Translocations | |  2.4

Action                   |  1- 3 |  4- 6 || total
-------------------------+-------+-------++-------
Melee: Hand axe          |    75 |    87 ||   162
       Kick              |    18 |    30 ||    48
       Peck              |     8 |    16 ||    24
       Punch             |     1 |     4 ||     5
Throw: Boomerang         |    51 |       ||    51
  Use: Scroll            |     7 |     5 ||    12
       Potion            |     1 |     5 ||     6
Armor: Leather armour    |     2 |       ||     2
       Ring mail         |    13 |       ||    13
       Chain mail        |       |    34 ||    34
Dodge: Dodged            |    47 |    29 ||    76

Table legend:
 A = Non-vault XP
 B = Vault XP
 C = Vault XP percentage of total XP
 D = Non-vault monster count
 E = Vault monster count
 F = Vault count percentage of total count
                 A         B        C        D         E       F
            +---------+---------+-------+---------+---------+-------
      Total |     205 |      80 |  28.1 |      48 |       7 |  12.7
            +---------+---------+-------+---------+---------+-------
        D:1 |      10 |       2 |  16.7 |       7 |       1 |  12.5
        D:2 |      29 |       0 |   0.0 |      14 |       0 |   0.0
        D:3 |      43 |       0 |   0.0 |      13 |       0 |   0.0
        D:4 |      67 |      78 |  53.8 |      12 |       6 |  33.3
        D:5 |      56 |       0 |   0.0 |       2 |       0 |   0.0
            +---------+---------+-------+---------+---------+-------
